 Dungeon Crawl Stone Soup version 0.31-a0-799-g6bc09d010c (webtiles) character file.

Game seed: 10848652843745659160

10241 pokeman the Eclecticist (level 11, -9/62 HPs)
             Began as a Deep Elf Hedge Wizard on Sept 19, 2023.
             Was a Priest of Vehumet.
             Mangled by a yak (13 damage)
             ... on level 11 of the Dungeon.
             The game lasted 00:24:26 (11804 turns).

pokeman the Eclecticist (Deep Elf Hedge Wizard)    Turns: 11804, Time: 00:24:27

Health: -9/62      AC:  8    Str:  7    XL:     11   Next: 33%
Magic:  2/33       EV: 12    Int: 24    God:    Vehumet [***...]
Gold:   651        SH:  0    Dex: 14    Spells: 30/42 levels left

rFire   . . .        D - +10 morningstar "Eos" {elec, Halo rElec}
rCold   + . .        (no shield)
rNeg    . . .        F - +2 leather armour {rC+}
rPois   +            i - +2 hat {Stlth+}
rElec   +            o - +0 cloak
rCorr   .            (no gloves)
SInv    .            (no boots)
Will    ++...        (no amulet)
Stlth   ++           w - ring of willpower
HPRegen 0.30/turn    O - ring of poison resistance
MPRegen 0.23/turn

%: no passive effects
@: glowing
A: no striking features
a: Renounce Religion


You were on level 11 of the Dungeon.
You worshipped Vehumet.
Vehumet was most pleased with you.
You visited 1 branch of the dungeon, and saw 11 of its levels.

You collected 651 gold pieces.

Inventory:

Hand Weapons
 q - a +2 vampiric demon trident
 s - a +2 short sword of venom
 C - the +8 broad axe "Wisayr" {heavy, Will+ Str+4 Dex+3}
   (You found it on level 6 of the Dungeon)

   Str+4:     It affects your strength (+4).
   Dex+3:     It affects your dexterity (+3).
   Will+:     It increases your willpower.
 D - the +10 morningstar "Eos" (weapon) {elec, Halo rElec}
   (You found it on level 7 of the Dungeon)

   Halo:      It grants its wielder a halo, revealing invisible creatures and
   increasing accuracy against all within it other than the wielder.
   rElec:     It insulates you from electricity.
 N - a +0 short sword
Missiles
 J - 7 curare-tipped darts
Armour
 i - a +2 hat of stealth (worn)
 o - a +0 cloak (worn)
 F - a +2 leather armour of cold resistance (worn)
 H - the +2 robe of Caustic Happiness {rF- Int+4 SInv}
   (You found it on level 8 of the Dungeon)

   Int+4:     It affects your intelligence (+4).
   rF-:       It makes you vulnerable to fire.
   SInv:      It lets you see invisible.
 I - +0 steam dragon scales
Magical Staves
 p - a staff of poison
Jewellery
 w - a ring of willpower (left hand)
 G - a ring of ice
 O - a ring of poison resistance (right hand)
Wands
 a - a wand of flame (12)
 E - a wand of roots (7)
 M - a wand of paralysis (4)
Scrolls
 c - a scroll of silence {unknown}
 e - 2 scrolls of vulnerability {unknown}
 f - 4 scrolls of teleportation {unknown}
 h - 5 scrolls of revelation {unknown}
 j - a scroll of blinking {unknown}
 r - 9 scrolls of identify {unknown}
 x - a scroll of enchant weapon {unknown}
 y - 2 scrolls of torment {unknown}
 A - 4 scrolls of fog {unknown}
 B - 3 scrolls of amnesia {unknown}
 K - a scroll of enchant armour {unknown}
 L - a scroll of poison {unknown}
Potions
 b - 3 potions of lignification {unknown}
 d - a potion of magic
 g - 2 potions of ambrosia {unknown}
 k - 2 potions of might {unknown}
 l - a potion of brilliance {unknown}
 m - 2 potions of haste {unknown}
 n - 7 potions of curing {unknown}
 t - 4 potions of heal wounds {unknown}
 u - a potion of degeneration {unknown}
 v - 2 potions of mutation {unknown}
 z - 2 potions of enlightenment {unknown}


   Skills:
 + Level 4.8 Fighting
 - Level 5.0 Armour
 - Level 3.0 Dodging
 - Level 3.1 Stealth
 * Level 16.2 Spellcasting
 + Level 10.3 Conjurations
 - Level 1.1 Summonings
 - Level 1.1 Translocations
 - Level 1.0 Air Magic
 - Level 1.0 Poison Magic
 - Level 1.0 Evocations


You had 30 spell levels left.
You knew the following spells:

 Your Spells              Type           Power      Damage    Failure   Level
a - Magic Dart            Conj           100%       1d8       1%          1
b - Mephitic Cloud        Conj/Pois/Air  39%        N/A       1%          3
c - Call Imp              Summ           48%        N/A       3%          2
d - Blink                 Tloc           48%        N/A       3%          2
e - Iskenderun's Mystic   Conj/Tloc      46%        2d10      1%          4

Your spell library contained the following spells:

 Spells                   Type           Power      Damage    Failure   Level
 Sticky Flame             Conj/Fire      44%        2d6       1%          4
 Fulminant Prism          Conj/Hex       22%        3d12      1%          4
 Summon Small Mammal      Summ           96%        N/A       2%          1
 Volatile Blastmotes      Fire/Tloc      44%        2d13      2%          3
 Lesser Beckoning         Tloc           48%        N/A       3%          2
 Slow                     Hex            76%        N/A       4%          1
 Cigotuvi's Dreadful Rot  Necr/Pois/Air  44%        N/A       4%          2
 Sublimation of Blood     Necr           19%        N/A       6%          2
 Wereblood                Tmut           19%        N/A       6%          2
 Call Canine Familiar     Summ           24%        N/A       8%          3
 Gell's Gravitas          Tloc           24%        N/A       8%          3
 Teleport Other           Tloc           24%        N/A       8%          3
 Summon Guardian Golem    Hex/Summ       22%        N/A       10%         3
 Confusing Touch          Hex            19%        N/A       12%         3
 Sigil of Binding         Hex            19%        N/A       12%         3
 Tukima's Dance           Hex            19%        N/A       12%         3
 Vampiric Draining        Necr           19%        2d7       12%         3
 Passage of Golubria      Tloc           24%        N/A       24%         4
 Yara's Violent Unravell  Hex/Tmut       9%         3d6       28%         5
 Summon Hydra             Summ           12%        N/A       100%        7


Dungeon Overview and Level Annotations

Branches:
Dungeon (11/15)            Temple (0/1) D:7            Lair (0/5) D:10
    Orc (0/2) D:10

Altars:
Ashenzari
Elyvilon
Gozag
Hepliaklqana
Nemelex Xobeh
Okawaru
Qazlal
Uskayaw
Vehumet
Wu Jian
Xom
Yredelemnul
Zin
The Shining One

Portals:
Abyss: D:3

Annotations:
D:3 2 transporters, Wurlitzer's ghost, amateur MiFi
D:9 exclusion: oklob sapling


Message History

You barely miss the yak. The yak gores you!
Casting: Iskenderun's Mystic Blast (dangerous; 1% risk of failure)
Confirm with . or Enter, or press ? or * to list all spells.
Aiming: Mephitic Cloud (safe; 1% risk of failure)
Press: ? - help, Shift-Dir - straight line The ball explodes into a vile cloud!
The stinking cloud engulfs the yak but does no damage.
The yak is moderately wounded.
The stinking cloud engulfs the yak but does no damage.
The yak gores you but does no damage.
The yak is engulfed in noxious fumes.
The yak appears confused.
Unknown command.
Unknown command.
The yak is engulfed in noxious fumes.
The yak appears confused.
The yak gores the yak!
The yak is engulfed in noxious fumes.
The yak appears confused.
You hit the yak.
The yak is heavily wounded.
The yak is engulfed in noxious fumes. x2; The yak appears confused.
The yak is engulfed in noxious fumes.
You puncture the yak!
The yak is severely wounded.
The yak is engulfed in noxious fumes.
The yak gores you! x2
* * * LOW HITPOINT WARNING * * *
The yak barely misses the yak.
The yak gores you!
* * * LOW HITPOINT WARNING * * *
The yak is engulfed in noxious fumes.
The yak appears confused.
The yak barely misses you.
The yak is engulfed in noxious fumes.
The yak appears confused.
The yak gores the yak!
The yak is engulfed in noxious fumes.
The yak appears confused.
Aiming: Fastroot
Press: ? - help, Shift-Dir - straight line, f - yak
Aim: a yak (confused, haloed)
The roots erupt in riotous growth!
Roots grab the yak. x4
The grasping roots constrict the yak. x4
The yak struggles to escape constriction.
The yak gores the yak! x2; The yak gores itself.
The yak gores you!
You die...

###### ####....####
#.....<....########
#.####...#........
. ##.@Y.#####.#..#
###Y...........
#YY####.....#
##Y.#... ..
#...#.##.#
###........# .
........l####....
####.....[..Y#
#...#††##..Y..


You could see 5 yaks and a basilisk.

Vanquished Creatures
  Snorg (D:11)
  A cyclops (D:9)
  An elephant (D:10)
  Maggie (D:8)
  3 kobold demonologists
  A troll (D:10)
  Prince Ribbit (D:8)
  A shadow (D:11)
  Sigmund (D:4)
  A wraith (D:10)
  Grum (D:8)
  17 yaks
  A basilisk (D:10)
  A steam dragon (D:10)
  4 water moccasins
  A sky beast (D:7)
  2 black bears
  An orc warrior (D:8)
  2 ogres
  4 wolves (D:8)
  3 centaurs
  A phantom (D:7)
  6 kobold brigands
  2 bullfrogs
  2 scorpions (D:9)
  3 wights (D:9)
  14 killer bees (D:9)
  3 howler monkeys
  An orc priest (D:8)
  5 hounds
  2 jellies
  2 sleepcaps
  A gnoll bouda (D:6)
  2 iguanas
  Ijyb (D:3)
  Natasha (thrice) (D:3)
  5 orc wizards
  Robin (D:3)
  6 gnolls
  15 adders
  A white imp (D:4)
  3 ufetubi
  A dart slug (D:2)
  23 orcs
  2 bats (D:1)
  4 endoplasms
  3 giant cockroaches
  16 goblins
  6 hobgoblins
  21 kobolds
  6 quokkas
  8 ball pythons
  A frilled lizard (D:1)
  2 rats (D:1)
221 creatures vanquished.

Vanquished Creatures (collateral kills)
  A killer bee (D:9)
  A worm (D:2)
2 creatures vanquished.

Grand Total: 223 creatures vanquished

Notes
Turn   | Place    | Note
-------+----------+-------------------------------------------
     0 | D:1      | pokeman the Deep Elf Hedge Wizard began the quest for the
                  | Orb.
     0 | D:1      | Reached XP level 1. HP: 10/10 MP: 7/7
   383 | D:1      | Reached XP level 2. HP: 16/16 MP: 1/9
  1119 | D:2      | Reached skill level 5 in Spellcasting
  1176 | D:2      | Found a sparkling altar of Nemelex Xobeh.
  1534 | D:2      | Reached XP level 3. HP: 20/20 MP: 7/11
  1538 | D:2      | Learned a level 3 spell: Mephitic Cloud
  1541 | D:2      | Learned a level 2 spell: Call Imp
  1544 | D:2      | Learned a level 2 spell: Blink
  2572 | D:3      | Noticed a small abomination
  2596 | D:3      | Reached skill level 1 in Armour
  2649 | D:3      | Found a transporter.
  2657 | D:3      | Reached skill level 1 in Fighting
  2687 | D:3      | Found a transporter.
  2691 | D:3      | Found a one-way gate to the infinite horrors of the Abyss.
  2691 | D:3      | Noticed an ancient zyme
  2691 | D:3      | Noticed Wurlitzer's ghost (amateur MiFi)
  2691 | D:3      | Noticed Natasha
  2697 | D:3      | Killed Natasha
  2698 | D:3      | Reached XP level 4. HP: 25/25 MP: 5/13
  2801 | D:3      | Noticed Robin
  2823 | D:3      | Killed Robin
  3082 | D:3      | Noticed Natasha
  3088 | D:3      | Killed Natasha
  3089 | D:3      | Reached skill level 6 in Spellcasting
  3089 | D:3      | Reached XP level 5. HP: 29/29 MP: 7/15
  3167 | D:3      | Noticed Ijyb
  3204 | D:3      | Killed Ijyb
  3277 | D:3      | Noticed Natasha
  3702 | D:3      | Killed Natasha
  3739 | D:4      | Reached skill level 1 in Air Magic
  3739 | D:4      | Reached skill level 1 in Poison Magic
  3739 | D:4      | Reached skill level 1 in Evocations
  3818 | D:4      | Noticed Sigmund
  3831 | D:4      | Killed Sigmund
  3832 | D:4      | Reached XP level 6. HP: 34/34 MP: 9/17
  4278 | D:4      | Reached skill level 7 in Spellcasting
  4292 | D:4      | Reached XP level 7. HP: 24/38 MP: 6/19
  4320 | D:4      | Reached skill level 5 in Conjurations
  4581 | D:4      | Found a hazy altar of Hepliaklqana.
  5158 | D:5      | Entered Level 5 of the Dungeon
  5196 | D:5      | You fall into a shaft and drop 1 floor!
  5214 | D:5      | Reached skill level 8 in Spellcasting
  5375 | D:5      | Found a sparkling altar of Nemelex Xobeh.
  5600 | D:5      | Found a shimmering altar of Xom.
  5605 | D:5      | Found a stormy altar of Qazlal.
  5659 | D:5      | Found a white marble altar of Elyvilon.
  5932 | D:5      | Reached XP level 8. HP: 44/44 MP: 10/22
  6081 | D:5      | Found a hide-covered altar of Uskayaw.
  6083 | D:5      | Found an iron altar of Okawaru.
  6147 | D:5      | Reached skill level 9 in Spellcasting
  6863 | D:6      | Identified the +8 broad axe "Wisayr" {heavy, Will+ Str+4
                  | Dex+3}
  7055 | D:7      | Found a glowing silver altar of Zin.
  7062 | D:7      | Reached skill level 10 in Spellcasting
  7141 | D:7      | Found the +10 morningstar "Eos" {elec, Halo rElec}
  7153 | D:7      | Found a glowing golden altar of the Shining One.
  7154 | D:7      | Found an ornate altar of the Wu Jian Council.
  7155 | D:7      | Found a broken altar of Ashenzari.
  7155 | D:7      | Found a radiant altar of Vehumet.
  7156 | D:7      | Found an opulent altar of Gozag.
  7162 | D:7      | Became a worshipper of Vehumet
  7517 | D:7      | Found a staircase to the Ecumenical Temple.
  7955 | D:7      | Found a basalt altar of Yredelemnul.
  8274 | D:8      | Noticed Grum
  8274 | D:8      | Noticed Prince Ribbit
  8279 | D:8      | Killed Prince Ribbit
  8280 | D:8      | Reached skill level 11 in Spellcasting
  8280 | D:8      | Reached XP level 9. HP: 42/49 MP: 19/26
  8287 | D:8      | Killed Grum
  8307 | D:8      | Reached * piety under Vehumet
  8307 | D:8      | Offered knowledge of Freeze by Vehumet.
  8308 | D:8      | Reached skill level 12 in Spellcasting
  8724 | D:8      | Identified the +2 robe of Caustic Happiness {rF- Int+4
                  | SInv}
  8891 | D:8      | Noticed Maggie
  8898 | D:8      | Learned a level 4 spell: Iskenderun's Mystic Blast
  9138 | D:8      | Killed Maggie
  9325 | D:9      | Noticed a kobold demonologist
  9326 | D:9      | Noticed a hellwing
  9349 | D:9      | Noticed a kobold demonologist
  9353 | D:9      | Killed a kobold demonologist
  9354 | D:9      | Reached skill level 13 in Spellcasting
  9361 | D:9      | Killed a kobold demonologist
  9368 | D:9      | Reached XP level 10. HP: 49/56 MP: 22/29
  9715 | D:9      | Reached ** piety under Vehumet
  9715 | D:9      | Offered knowledge of Static Discharge by Vehumet.
  9841 | D:9      | Noticed a cyclops
  9856 | D:9      | Killed a cyclops
  9880 | D:9      | Reached skill level 14 in Spellcasting
 10660 | D:9      | Offered knowledge of Momentum Strike by Vehumet.
 10752 | D:10     | Entered Level 10 of the Dungeon
 10839 | D:10     | Found a staircase to the Lair.
 10839 | D:10     | Noticed an elephant
 10860 | D:10     | Killed an elephant
 10861 | D:10     | Reached skill level 15 in Spellcasting
 10957 | D:10     | Found a staircase to the Orcish Mines.
 11146 | D:10     | Reached *** piety under Vehumet
 11285 | D:10     | Reached skill level 5 in Armour
 11311 | D:10     | Reached XP level 11. HP: 49/61 MP: 12/32
 11774 | D:11     | Reached skill level 10 in Conjurations
 11778 | D:11     | Noticed Snorg
 11785 | D:11     | Offered knowledge of Sticky Flame by Vehumet.
 11786 | D:11     | Reached skill level 16 in Spellcasting
 11793 | D:11     | Killed Snorg
 11804 | D:11     | Mangled by a yak

Illustrated notes

Levels and vault maps discovered:
D:1:      enne_arrival_octagon_isle, layout_basic
D:2:      layout_basic, basic_altar, serial_co_window_serial, co_window_paths_b,
          co_window_paths_b, co_window_paths_a, co_window_paths_b,
          co_window_of_opportunity_a, co_window_broadway_a,
          co_window_unsneaky_path_d, co_window_cross_2, co_window_broadway_a,
          co_window_broadway_c, co_window_unsneaky_path_b,
          co_window_unsneaky_path_c, co_window_4corner_b, glass_columns_a,
          glass_columns_b, glass_columns_b
D:3:      layout_basic, gammafunk_ghost_abyssal_escape, kennysheep_another_room,
          uniq_natasha, uniq_robin, uniq_ijyb
D:4:      layout_gridville, old_standard_altar, minmay_gold_behind_fungi,
          dreamdust_gnoll_farm, uniq_sigmund
D:5:      layout_cave_pods, nemelex_dance_club_becter,
          nicolae_overflow_hidden_temple
D:6:      layout_rooms, dreamdust_princess_corridor
D:7:      layout_gridville, minitemple, minmay_temple_entry_enclosed_plants,
          hangedman_feature_mirror
D:8:      layout_basic, hex_medium, uniq_maggie, uniq_prince_ribbit1, uniq_grum
D:9:      layout_stronghold, introduction_to_nature_2
D:10:     layout_long_grid, david_lair_generic, orc_0_dummy, st_stairs_10
D:11:     layout_rooms, grunt_decor_clamped, uniq_snorg

Skill      XL: |  1  2  3  4  5  6  7  8  9 10 11 |
---------------+----------------------------------+-----
Spellcasting   | 5 6 7 8 11 13 15 16 | 16.2
Armour         | 1 2 3 5 |  5.0
Fighting       | 1 2 4 |  4.8
Conjurations   | 2 4 5 7 8 9 10 | 10.3
Dodging        | 3 |  3.0
Stealth        | 3 |  3.1
Air Magic      | 1 |  1.0
Poison Magic   | 1 |  1.0
Evocations     | 1 |  1.0
Summonings     | |  1.1
Translocations | |  1.1

Action                     |  1- 3 |  4- 6 |  7- 9 | 10-12 || total
---------------------------+-------+-------+-------+-------++-------
  Melee: Dagger            |    13 |    11 |       |       ||    24
         Punch             |     1 |     1 |       |     3 ||     5
         Demon trident     |       |    21 |    57 |       ||    78
         Morningstar       |       |       |    38 |   101 ||   139
         Broad axe         |       |       |     5 |       ||     5
   Cast: Magic Dart        |   112 |    77 |   177 |    58 ||   424
         Call Imp          |     2 |       |     4 |       ||     6
         Mephitic Cloud    |     1 |     6 |    25 |    33 ||    65
         Blink             |       |       |     3 |     8 ||    11
         Iskenderun's Myst |       |       |     6 |    26 ||    32
  Evoke: Wand              |       |       |       |     1 ||     1
   Stab: Confused          |     1 |     3 |    15 |    13 ||    32
         Sleeping          |       |       |     2 |       ||     2
         Distracted        |       |       |     1 |       ||     1
 Armour: Robe              |    13 |    24 |    39 |       ||    76
         Leather armour    |       |       |    27 |    86 ||   113
  Dodge: Dodged            |     6 |    25 |    80 |    88 ||   199

Table legend: (Time is in decaauts)
 A = Elapsed time spent in this place.
 B = Non-inter-level travel time spent in this place.
 C = Inter-level travel time spent in this place.
 D = Time resting spent in this place.
 E = Time spent auto-exploring this place.
 F = Levels seen in this place.
 G = Mean time per level.
                   A        B        C        D        E       F      G
               +--------+--------+--------+--------+--------+-----+--------+
         Total |  11928 |  11440 |    488 |    220 |   9308 |  11 | 1084.4 |
       Dungeon |  11928 |  11440 |    488 |    220 |   9308 |  11 | 1084.4 |
               +--------+--------+--------+--------+--------+-----+--------+

Top non-repeatable levels by time:
     D:9: 1489 daAuts
     D:4: 1462 daAuts
     D:2: 1322 daAuts
     D:5: 1238 daAuts
     D:3: 1213 daAuts
     D:7: 1183 daAuts
     D:1: 1172 daAuts
     D:8: 1081 daAuts
    D:10: 1041 daAuts
     D:6: 670 daAuts
    D:11: 53 daAuts
